 Dungeon Crawl Stone Soup version 0.30-a0-1053-gbd8d5ba0ad (webtiles) character file.

Game seed: 12668296293682330088

112 IdlyInterested the Sneak (level 4, -3/33 HPs)
             Began as a Demonspawn Gladiator on Apr 11, 2023.
             Slain by a water moccasin (7 damage)
             ... on level 3 of the Dungeon.
             The game lasted 00:06:24 (1973 turns).

IdlyInterested the Sneak (Demonspawn Gladiator)     Turns: 1973, Time: 00:06:24

Health: -3/33      AC:  7    Str: 15    XL:     4   Next: 64%
Magic:  4/4        EV: 11    Int:  9    God:
Gold:   76         SH:  0    Dex: 16    Spells: 3/3 levels left

rFire   . . .      SeeInvis .    a - +0 rapier
rCold   . . .      Faith    .    (no shield)
rNeg    . . .      Spirit   .    m - +0 ring mail
rPois   .          Reflect  .    c - +0 helmet
rElec   .          Rampage  .    q - +0 cloak
rCorr   .                        (no gloves)
Will    .....                    (no boots)
Stlth   ++                       (no amulet)
HPRegen 0.25/turn                (no ring)
MPRegen 0.09/turn                (no ring)

@: lethally poisoned (-3 -> -8)
A: demonic guardian 1
a: no special abilities


You were on level 3 of the Dungeon.
You visited 1 branch of the dungeon, and saw 3 of its levels.

You collected 76 gold pieces.

Inventory:

Hand Weapons
 a - a +0 rapier (weapon)
Missiles
 d - 2 throwing nets
 e - a javelin
 h - 30 stones (quivered)
Armour
 c - a +0 helmet (worn)
 m - a +0 ring mail (worn)
 q - a +0 cloak (worn)
Wands
 o - a wand of digging (1)
Scrolls
 k - a scroll of butterflies {unknown}
 l - 2 scrolls of magic mapping {unknown}
 n - 4 scrolls of teleportation {unknown}
 p - a scroll of identify {unknown}
Potions
 f - a potion of invisibility {unknown}
 g - a potion of brilliance {unknown}
 i - a potion of curing
 j - a potion of heal wounds


   Skills:
 * Level 2.0 Fighting
 + Level 3.0 Short Blades
 - Level 1.7 Throwing
 - Level 1.0 Armour
 - Level 3.0 Dodging
 + Level 3.2 Stealth
 - Level 1.0 Evocations


You had 3 spell levels left.
You didn't know any spells.
Your spell library contained the following spells:

 Spells                   Type           Power      Damage    Failure   Level
 Kiss of Death            Conj/Necr      0%         2d5       63%         1
 Ensorcelled Hibernation  Hex/Ice        0%         N/A       77%         2
 Passwall                 Tmut/Erth      0%         N/A       77%         2
 Confusing Touch          Hex            0%         N/A       94%         3
 Swiftness                Air            0%         N/A       94%         3
 Dispel Undead            Necr           0%         3d6       100%        4


Dungeon Overview and Level Annotations

Branches:
Dungeon (3/15)

Altars:


Innate Abilities, Weirdness & Mutations

A weak demonic guardian rushes to your aid.


Message History

There is a stone staircase leading up here.
You climb upwards.
There is a stone staircase leading down here.
There is an escape hatch in the floor here.
You slide downwards.
The hatch slams shut behind you.
Okay, then.
It was a potion of heal wounds.
You feel much better.
It was a potion of curing.
You feel better.
Found an escape hatch in the floor.
A water moccasin comes into view.
The water moccasin hisses angrily.
The water moccasin closely misses you.
You miss the water moccasin. The water moccasin bites you.
You barely miss the water moccasin.
The water moccasin bites you but does no damage.
You barely miss the water moccasin. The water moccasin bites you.
You are poisoned.
The water moccasin poisons you!
The water moccasin bites you but does no damage.
You hit the water moccasin.
The water moccasin is lightly wounded.
You feel very sick. The water moccasin bites you.
You hit the water moccasin.
The water moccasin is lightly wounded.
You feel very sick.
The water moccasin bites you but does no damage.
The water moccasin barely misses you.
You hit the water moccasin.
The water moccasin is moderately wounded.
You feel very sick. The water moccasin bites you.
* * * LOW HITPOINT WARNING * * *
A demonic guardian appears!
You miss the water moccasin. You punch the water moccasin.
The water moccasin is moderately wounded.
* * * LOW HITPOINT WARNING * * *
You feel sick. The water moccasin closely misses you.
The water moccasin bites you!
You die...

. .. ...
..#####
...5
#S###
#@..#
.)####.#
..##...#
..##.###
...#.#
.. #.#
.# #.#
#.###.#
..#
#..)<.#
###


You could see a water moccasin (ally target) and a friendly shadow imp
(summoned).

Vanquished Creatures
  Crazy Yiuf (D:2)
  Terence (D:2)
  2 adders (D:2)
  A dart slug (D:2)
  7 bats
  3 endoplasms
  5 goblins
  A hobgoblin (D:2)
  4 jackals (D:1)
  3 kobolds
  A quokka (D:1)
  2 ball pythons
  A frilled lizard (D:1)
  2 rats (D:2)
34 creatures vanquished.

Vanquished Creatures (collateral kills)
  A dart slug (D:2)
  A bat (D:2)
  A rat (D:1)
3 creatures vanquished.

Grand Total: 37 creatures vanquished

Notes
Turn   | Place    | Note
-------+----------+-------------------------------------------
     0 | D:1      | IdlyInterested the Demonspawn Gladiator began the quest for
                  | the Orb.
     0 | D:1      | Reached XP level 1. HP: 16/16 MP: 1/1
   111 | D:1      | Reached skill level 1 in Stealth
   111 | D:1      | Gained mutation: A weak demonic guardian rushes to your
                  | aid. [demonic ancestry]
   111 | D:1      | Reached XP level 2. HP: 16/22 MP: 2/2
   514 | D:1      | Found a faded altar of an unknown god.
   894 | D:2      | Reached XP level 3. HP: 21/27 MP: 3/3
  1192 | D:2      | Noticed Terence
  1208 | D:2      | Killed Terence
  1209 | D:2      | Reached XP level 4. HP: 33/33 MP: 4/4
  1258 | D:2      | Reached skill level 1 in Armour
  1485 | D:2      | Found a runed translucent door.
  1486 | D:2      | Noticed Crazy Yiuf
  1619 | D:2      | Killed Crazy Yiuf
  1620 | D:2      | Reached skill level 1 in Evocations
  1966 | D:3      | Noticed a water moccasin
  1973 | D:3      | Slain by a water moccasin

Illustrated notes

Levels and vault maps discovered:
D:1:      lemuel_arrival_behind_the_door_large, layout_basic,
          shapermc_ecumenical_altar_notcrosses
D:2:      layout_basic, uniq_terence, uniq_crazy_yiuf_cottage
D:3:      layout_basic, uniq_jessica

Skill      XL: |  1  2  3  4 |
---------------+-------------+-----
Dodging        | 3 |  3.0
Stealth        | 1 2 3 |  3.2
Armour         | 1 |  1.0
Short Blades   | 3 |  3.0
Evocations     | 1 |  1.0
Fighting       | |  2.0
Throwing       | |  1.7

Action                     |  1- 3 |  4- 6 || total
---------------------------+-------+-------++-------
  Melee: Rapier            |    97 |    27 ||   124
         Punch             |       |     1 ||     1
  Throw: Throwing net      |       |     3 ||     3
    Use: Scroll            |     1 |       ||     1
         Potion            |       |     2 ||     2
   Stab: Sleeping          |     2 |     2 ||     4
         Held in net/web   |       |     1 ||     1
 Armour: Leather armour    |    29 |       ||    29
         Ring mail         |    15 |     5 ||    20
  Dodge: Dodged            |    71 |     6 ||    77

Table legend: (Time is in decaauts)
 A = Elapsed time spent in this place.
 B = Non-inter-level travel time spent in this place.
 C = Inter-level travel time spent in this place.
 D = Time resting spent in this place.
 E = Time spent auto-exploring this place.
 F = Levels seen in this place.
 G = Mean time per level.
                   A        B        C        D        E       F      G
               +--------+--------+--------+--------+--------+-----+--------+
         Total |   1982 |   1657 |    325 |     90 |   1125 |   3 |  660.7 |
       Dungeon |   1982 |   1657 |    325 |     90 |   1125 |   3 |  660.7 |
               +--------+--------+--------+--------+--------+-----+--------+

Top non-repeatable levels by time:
     D:2: 1201 daAuts
     D:1: 751 daAuts
     D:3: 28 daAuts
